 Dungeon Crawl Stone Soup version 0.23.2-30-g0e89c35649 (webtiles) character file.

Game seed: 8011422719618003559

140 doot the Conjurer (level 5, -4/28 HPs)
             Began as a Tengu Conjurer on June 14, 2019.
             Was an Initiate of Vehumet.
             Slain by a centaur (6 damage)
             ... on level 3 of the Dungeon.
             The game lasted 00:05:16 (2545 turns).

doot the Conjurer (Tengu Conjurer)                  Turns: 2545, Time: 00:05:16

Health: -4/28      AC:  4    Str:  8    XL:     5   Next: 22%
Magic:  8/10       EV: 13    Int: 17    God:    Vehumet [......]
Gold:   94         SH:  0    Dex: 14    Spells: 3/9 levels left

rFire    . . .     SeeInvis .   u - +2 whip (vamp)
rCold    . . .     Gourm    .   (no shield)
rNeg     . . .     Faith    .   a - +0 robe
rPois    .         Spirit   .   (helmet restricted)
rElec    .         Reflect  .   v - +0 cloak
rCorr    .         Harm     .   o - +0 pair of gloves
MR       +....                  (boots unavailable)
Stlth    +++.......             (no amulet)
HPRegen  0.09/turn              e - ring of protection from magic
MPRegen  0.12/turn              b - ring of stealth

@: no status effects
A: beak, talons 3, able to fly
a: Fly, Renounce Religion


You were on level 3 of the Dungeon.
You worshipped Vehumet.
Vehumet was noncommittal.
You were not hungry.

You visited 1 branch of the dungeon, and saw 3 of its levels.

You collected 94 gold pieces.

Inventory:

Hand Weapons
 i - a +0 whip
 u - a +2 vampiric whip (weapon)
Missiles
 s - 2 throwing nets (quivered)
Armour
 a - a +0 robe (worn)
 o - a +0 pair of gloves (worn)
 v - a +0 cloak (worn)
Jewellery
 b - a ring of stealth (right hand)
 e - a ring of protection from magic (left hand)
Wands
 t - a wand of iceblast (10)
Scrolls
 d - 4 scrolls of remove curse {unknown}
 g - a scroll of noise {unknown}
 h - 6 scrolls of identify {unknown}
 k - a scroll of enchant weapon {unknown}
 r - 2 scrolls of magic mapping {unknown}
 w - a scroll of fear {unknown}
Potions
 f - a potion of brilliance {unknown}
 j - 2 potions of haste {unknown}
 l - 3 potions of curing {unknown}
 m - a potion of flight {unknown}
 n - a potion of berserk rage {unknown}
 p - a potion of lignification {unknown}
Comestibles
 c - 4 rations
 q - 2 chunks of flesh


   Skills:
 + Level 0.1 Fighting
 + Level 0.8 Maces & Flails
 + Level 2.6 Dodging
 + Level 2.4 Stealth
 + Level 2.7 Spellcasting
 + Level 7.2 Conjurations


You had 3 spell levels left.
You knew the following spells:

 Your Spells              Type           Power        Failure   Level  Hunger
a - Magic Dart            Conj           ####         1%          1    #......
b - Searing Ray           Conj           ####..       1%          2    ##.....
c - Dazzling Spray        Conj/Hex       ##....       12%         3    ###....

Your spell library contained the following spells:

 Spells                   Type           Power        Failure   Level  Hunger
 Iskenderun's Mystic Bla  Conj           ####....     9%          4    #####..
 Force Lance              Conj/Tloc      ##......     38%         4    #####..
 Fulminant Prism          Conj/Hex       ##........   38%         4    #####..


Dungeon Overview and Level Annotations

Branches:
Dungeon (3/15)

Altars:
Cheibriados
Elyvilon
Gozag
Kikubaaqudgha
Makhleb
Okawaru
Qazlal
Ru
Vehumet
Wu Jian
Yredelemnul

Annotations:
D:3 2 transporters, Menkaure


Innate Abilities, Weirdness & Mutations

You have a beak for a mouth.
You have claws for feet.
You can fly continuously.


Message History

The centaur hits you but does no damage.
Casting: Magic Dart (safe; 1% risk of failure)
Confirm with . or Enter, or press ? or * to list all spells.
Aiming: Magic Dart (safe; 1% risk of failure)
Press: ? - help, Shift-Dir - straight line, f - centaur
Aim: a centaur (almost dead)
The magic dart hits the centaur but does no damage.
The centaur is almost dead.
The centaur barely misses you.
Casting: Magic Dart (safe; 1% risk of failure)
Confirm with . or Enter, or press ? or * to list all spells.
Aiming: Magic Dart (safe; 1% risk of failure)
Press: ? - help, Shift-Dir - straight line, f/p - centaur
Aim: a centaur (almost dead)
The magic dart hits the centaur but does no damage.
The centaur is almost dead.
The centaur hits you.
* * * LOW HITPOINT WARNING * * *
The centaur hits you.
You die...

.............).......+..><.......
#.......#.#.....<....###.......##
###.##..#.#.#.......## ###.#####
#. #.##.#.##.....## #.# #.
#.##.#.###...## #.# #......#
##'## #.# .. ..### #.# .. # ####
#.# #@# #..c....# #.........#
##......... #......... ..#.......
## #.....# #...##


You could see a centaur.

Vanquished Creatures
  A bullfrog skeleton (D:3)
  4 adders
  2 worms (D:3)
  3 dart slugs
  A leopard gecko (D:2)
  3 orcs (D:3)
  6 bats
  14 giant cockroaches
  5 goblins
  5 hobgoblins
  A ball python (D:3)
  3 frilled lizards
  8 kobolds
  2 rats
58 creatures vanquished.

Notes
Turn   | Place    | Note
-------+----------+-------------------------------------------
     0 | D:1      | doot the Tengu Conjurer began the quest for the Orb.
     0 | D:1      | Reached XP level 1. HP: 10/10 MP: 4/4
   207 | D:1      | Reached XP level 2. HP: 15/15 MP: 0/6
   211 | D:1      | Learned a level 2 spell: Searing Ray
   461 | D:1      | Reached skill level 6 in Conjurations
   762 | D:2      | Reached XP level 3. HP: 19/19 MP: 2/7
   880 | D:2      | Found an opulent altar of Gozag.
   882 | D:2      | Found a sacrificial altar of Ru.
  1167 | D:2      | Learned a level 3 spell: Dazzling Spray
  1194 | D:2      | Reached XP level 4. HP: 24/24 MP: 4/8
  1448 | D:2      | Found a snail-covered altar of Cheibriados.
  1448 | D:2      | Found a stormy altar of Qazlal.
  1549 | D:3      | Found an iron altar of Okawaru.
  1568 | D:3      | Found a radiant altar of Vehumet.
  1578 | D:3      | Became a worshipper of Vehumet
  1771 | D:3      | Found a white marble altar of Elyvilon.
  1962 | D:3      | Found a transporter.
  1967 | D:3      | Found a transporter.
  1978 | D:3      | Found a basalt altar of Yredelemnul.
  1982 | D:3      | Noticed Menkaure
  1988 | D:3      | Found an ancient bone altar of Kikubaaqudgha.
  2105 | D:3      | Reached skill level 7 in Conjurations
  2323 | D:3      | Found a burning altar of Makhleb.
  2330 | D:3      | Found an ornate altar of the Wu Jian Council.
  2413 | D:3      | Gained mutation: You can fly continuously. [Tengu growth]
  2413 | D:3      | Reached XP level 5. HP: 28/28 MP: 2/10
  2534 | D:3      | Noticed a centaur
  2545 | D:3      | Slain by a centaur

Skill      XL: |  1  2  3  4 |
---------------+-------------+-----
Conjurations   | 6 7 |  7.2
Fighting       | |  0.1
Maces & Flails | |  0.8
Dodging        | |  2.6
Stealth        | |  2.4
Spellcasting   | |  2.7

Action                   |  1- 3 |  4- 6 || total
-------------------------+-------+-------++-------
Melee: Whip              |    21 |    19 ||    40
       Kick              |     8 |     5 ||    13
       Peck              |     4 |       ||     4
 Cast: Magic Dart        |    58 |    29 ||    87
       Searing Ray       |     2 |     6 ||     8
  Eat: Chunk             |     2 |     4 ||     6
       Ration            |       |     2 ||     2
Armor: Robe              |     7 |     4 ||    11
Dodge: Dodged            |    20 |    14 ||    34
